 Dungeon Crawl Stone Soup version 0.31-a0-200-gbc41564c69 (webtiles) character file.

Game seed: 5860647273863720874

93 qw the Shooter (level 4, -3/25 HPs)
             Began as a Deep Elf Hunter on June 25, 2023.
             Slain by a gnoll
             ... wielding a +0 flail
              (11 damage)
             ... on level 3 of the Dungeon.
             The game lasted 00:00:45 (2185 turns).

qw the Shooter (Deep Elf Hunter)                    Turns: 2185, Time: 00:00:45

Health: -3/25      AC:  8    Str: 10    XL:     4   Next: 37%
Magic:  6/6        EV: 11    Int: 14    God:
Gold:   158        SH:  0    Dex: 18    Spells: 3/3 levels left

rFire   . . .        Y - +0 shortbow
rCold   . . .        (shield currently unavailable)
rNeg    . . .        k - +0 ring mail
rPois   .            a - +2 hat
rElec   .            (no cloak)
rCorr   .            (no gloves)
SInv    +            e - +0 pair of boots
Will    .....        (no amulet)
Stlth   +            b - ring of see invisible
HPRegen 0.24/turn    (no ring)
MPRegen 0.10/turn

%: no passive effects
@: no status effects
A: no striking features
a: no special abilities


You were on level 3 of the Dungeon.
You visited 1 branch of the dungeon, and saw 4 of its levels.

You collected 158 gold pieces.


   Skills:
 - Level 1.5 Fighting
 + Level 7.8 Ranged Weapons
 - Level 2.4 Dodging
 - Level 1.2 Stealth


You had 3 spell levels left.
You didn't know any spells.
Your spell library was empty.

Inventory:

Hand Weapons
 Y - a +0 shortbow (weapon)
Armour
 a - a +2 hat (worn)
 e - a +0 pair of boots (worn)
 k - a +0 ring mail (worn)
Jewellery
 b - a ring of see invisible (left hand)
Potions
 c - a potion of attraction {unknown}
 f - a potion of mutation {unknown}
 h - a potion of brilliance {unknown}
 i - a potion of enlightenment {unknown}

Dungeon Overview and Level Annotations

Branches:
Dungeon (4/15)
 Temple: D:4-7

Altars:


Message History

A jackal comes into view.
You shoot an arrow. The jackal barks!
The arrow hits the orc.
You kill the orc!
The jackal bites you but does no damage.
The gnoll barely misses you.
You shoot an arrow. The arrow barely misses the gnoll.
The jackal bites you but does no damage.
The gnoll hits you with a +0 club.
The jackal bites you but does no damage.
2181 ||| STAIRDANCE The jackal misses you.
The jackal closely misses you. The gnoll misses you.
The gnoll closely misses you. The gnoll barely misses you.
You climb upwards.
There is a stone staircase leading down here.
Enter note:
Enter note:
Enter note:
Enter note:
Enter note:
Enter note:
Enter note:
Enter note:
Enter note:
Enter note:
Enter note:
Enter note: You shoot an arrow.
The arrow closely misses the gnoll.
The arrow hits the jackal.
The jackal is moderately wounded.
The gnoll hits you with a +0 club. The gnoll barely misses you.
You shoot an arrow.
The arrow hits the gnoll but does no damage.
The gnoll hits you with a +0 flail! The gnoll hits you with a +0 club.
You shoot an arrow. The arrow hits the gnoll.
The gnoll is heavily wounded.
The gnoll hits you with a +0 club. The gnoll hits you but does no damage.
The gnoll hits you with a +0 flail!
You die...

# ########## .........#
########.# ### #.#
..#### #.# .#...#
#.######
.....###......####
..............hg@#
.#.....#......##g#
.#...#.#########h#
.#...#...........#
.#...#..#######..#
.#...#..# #..#
.#...#..#######..#
.#####..#........# ##
#..#.######.############


You could see 2 gnolls and 2 jackals.

Vanquished Creatures
  3 adders (D:3)
  2 worms
  4 dart slugs
  2 orcs
  3 bats
  An endoplasm (D:3)
  6 giant cockroaches
  2 goblins (D:2)
  5 hobgoblins
  3 jackals (D:1)
  5 kobolds
  4 quokkas
  2 ball pythons
  3 frilled lizards
  5 rats
50 creatures vanquished.

Notes
Turn   | Place    | Note
-------+----------+-------------------------------------------
     0 | D:1      | qw the Deep Elf Hunter began the quest for the Orb.
     0 | D:1      | Reached XP level 1. HP: 12/12 MP: 3/3
     0 | D:1      | 0 ||| qw: Version: 0.3-a-22-g0ed2b0b
     0 | D:1      | 0 ||| qw: Game counter: 5686
     0 | D:1      | 0 ||| qw: Melee chars always use a shield: true
     0 | D:1      | 0 ||| qw: God list: Okawaru
     0 | D:1      | 0 ||| qw: Allow faded altars: false
     0 | D:1      | 0 ||| qw: Do Orc after clearing Dungeon:15 true
     0 | D:1      | 0 ||| qw: Do second Lair branch before Depths: true
     0 | D:1      | 0 ||| qw: Lair rune preference: random
     0 | D:1      | 0 ||| qw: Goals: Normal
     0 | D:1      | 0 ||| PLANNING D:1-11
    37 | D:1      | Reached XP level 2. HP: 6/16 MP: 4/4
   164 | D:1      | Reached skill level 6 in Ranged Weapons
   178 | D:1      | 178 ||| FLEEEEING.
   562 | D:1      | 562 ||| UPGRADING to +0 pair of boots.
   567 | D:1      | 567 ||| UPGRADING to +0 ring mail.
   577 | D:1      | 577 ||| DROPPING +0 leather armour.
   578 | D:1      | 578 ||| READING scroll labelled USTREU NUSINK.
   578 | D:1      | Identified a scroll of acquirement
   578 | D:1      | 578 ||| ACQUIRING +2 hat
   578 | D:1      | Acquired a +2 hat
   580 | D:1      | 580 ||| UPGRADING to +2 hat.
   585 | D:1      | 585 ||| READING scroll labelled ILLYXAD BAHEW.
   586 | D:1      | 586 ||| READING scroll labelled KELIEKHUGUJY.
   587 | D:1      | 587 ||| DRINKING 2 pink potions.
   640 | D:1      | 640 ||| DROPPING scroll of butterflies.
   641 | D:1      | 641 ||| DROPPING potion of lignification.
   689 | D:2      | Reached XP level 3. HP: 20/20 MP: 5/5
  1028 | D:2      | Reached skill level 7 in Ranged Weapons
  1280 | D:2      | 1280 ||| READING scroll labelled ASEPER CO MOS.
  1281 | D:2      | 1281 ||| READING scroll labelled CEIREC ANOU.
  1282 | D:2      | 1282 ||| DRINKING 3 black potions.
  1284 | D:2      | 1284 ||| Stepping ~*~*~tactically~*~*~ (cloud).
  1285 | D:2      | 1285 ||| DRINKING 2 potions of curing.
  1285 | D:2      | 1285 ||| (to cure poison)
  1287 | D:2      | 1287 ||| Stepping ~*~*~tactically~*~*~ (cloud).
  1288 | D:2      | 1288 ||| DRINKING potion of curing.
  1288 | D:2      | 1288 ||| (to cure poison)
  1433 | D:3      | Reached XP level 4. HP: 25/25 MP: 6/6
  2144 | D:3      | 2144 ||| UPGRADING to ring of see invisible.
  2181 | D:4      | 2181 ||| STAIRDANCE
  2185 | D:3      | Slain by a gnoll

Levels and vault maps discovered:
D:1:      dpeg_arrival_simpleton_a, layout_basic, minmay_tetromino_s4
D:2:      layout_loops_ring
D:3:      layout_basic
D:4:      layout_rooms, minmay_temple_entry_fiery

Skill      XL: |  1  2  3 |
---------------+----------+-----
Ranged Weapons | 6 7 |  7.8
Fighting       | |  1.5
Dodging        | |  2.4
Stealth        | |  1.2

Action                     |  1- 3 |  4- 6 || total
---------------------------+-------+-------++-------
   Fire: Shortbow          |   125 |    33 ||   158
    Use: Scroll            |     5 |       ||     5
         Potion            |     4 |       ||     4
 Armour: Leather armour    |     5 |       ||     5
         Ring mail         |    23 |     5 ||    28
  Dodge: Dodged            |    30 |    12 ||    42

Table legend:
 A = Non-vault XP
 B = Vault XP
 C = Vault XP percentage of total XP
 D = Non-vault monster count
 E = Vault monster count
 F = Vault count percentage of total count
                 A         B        C        D         E       F
            +---------+---------+-------+---------+---------+-------
      Total |     131 |       3 |   2.2 |      48 |       2 |   4.0
            +---------+---------+-------+---------+---------+-------
        D:1 |      34 |       3 |   8.1 |      16 |       2 |  11.1
        D:2 |      36 |       0 |   0.0 |      19 |       0 |   0.0
        D:3 |      58 |       0 |   0.0 |      12 |       0 |   0.0
        D:4 |       3 |       0 |   0.0 |       1 |       0 |   0.0
            +---------+---------+-------+---------+---------+-------
